AoeStats
← Dustin

Arabia

506184694Analyzed
1v1 RM · 19d ago on Sep 12, 2026· 27m 38s· 2 players
Game mode
Random Map
Map size
Tiny (2 player)
Population
200
Speed
Normal
Resources
Standard
Victory
Conquest
Starting age
Dark Age
Ending age
Imperial Age
RankedLock teamsTeams togetherTeam positionsShared explorationLock speedFull tech treeHidden civsTurbo modeCheats
Victory
Defeat
🇩🇪 Jurchens · Germany
1648
+13
🇨🇳 Wei · China
1591
-13
超天Cla~LoL~升天~LoL
6:00 Loom
8:56 Feudal Age
9:36 Double-Bit Axe
15:34 Horse Collar
16:36 Gold Mining
20:11 Castle Age
18:35 Stone Mining
20:14 Forging
20:22 Bloodlines
21:04 Scale Barding Armor
22:06 Bow Saw
24:21 Wheelbarrow
23:49 Fletching
24:00 Padded Archer Armor
25:32 Bodkin Arrow
25:53 Leather Archer Armor
25:54 Town Watch
Dustin
8:52 Feudal Age
7:22 Loom
9:39 Double-Bit Axe
9:34 Horse Collar
20:32 Castle Age
18:43 Gold Mining
21:26 Fletching
21:50 Bow Saw
22:13 Bodkin Arrow
22:18 Padded Archer Armor
22:21 Husbandry
22:32 Bloodlines
24:36 Leather Archer Armor
Connection lost

Rejoining the realm…

Still unreachable

The connection could not be restored.

Session expired

The server has moved on; the page needs a fresh start.